[Event "Sunday 14 January 2nd Tour 7+2 Rounds 9 Starts 2200 ST"]
[Site "Infinity Chess"]
[Date "2018.1.15"]
[Round "7"]
[White "beka"]
[Black "Thinker"]
[Result "1/2-1/2"]
[ECO "C77"]
[WhiteElo "2392"]
[BlackElo "2505"]
[WhiteEngine "stockfish_18011309_x64_CTG"]
[BlackEngine "BrainFish_180106_x64_modern_CTG"]
[EventType "Swiss"]
[WhiteTeam ""]
[BlackTeam ""]
[PlyCount "97"]
[TimeControl "420+2"]

1. e4 e5 2. Nf3 Nc6 3. Bb5 a6 4. Ba4 Nf6 5. O-O Be7 6. Re1 b5 7. Bb3 O-O 
8. a4 b4 9. d4 d6 10. dxe5 Nxe5 11. Nxe5 dxe5 12. Qe2 Bc5 13. Be3 Bxe3 
14. Qxe3 Ng4 15. Qe2 Qh4 16. h3 Nf6 17. Nd2 Nh5 18. Qf3 Nf4 19. Rad1 Re8 
20. Kh2 a5 21. Qg3 Qe7 22. Nf3 Be6 23. Nxe5 Bxb3 24. Nc6 Qf6 25. cxb3 Nxh3 
26. gxh3 Qxc6 27. Rc1 Qf6 28. Re2 g6 29. Rxc7 Rac8 30. Rxc8 Rxc8 31. Qe3 Rd8 
32. Kg2 Qe5 33. Rc2 Rd4 34. f3 h5 35. h4 Rd1 36. Rd2 Rxd2+ 37. Qxd2 Qf6 
38. Kg3 Kg7 39. Qd5 Qxb2 40. e5 Qe2 41. Qxa5 Qe1+ 42. Kg2 Qxh4 43. e6 Qf4 
44. e7 Qd2+ 45. Kf1 Qd3+ 46. Kf2 Qd2+ 47. Kf1 Qd1+ 48. Kf2 Qd2+ 49. Kf1 1/2-1/2

[Event "Sunday 14 January 2nd Tour 7+2 Rounds 9 Starts 2200 ST"]
[Site "Infinity Chess"]
[Date "2018.1.15"]
[Round "7"]
[White "Murx"]
[Black "Seliga"]
[Result "1-0"]
[ECO "A22"]
[WhiteElo "2517"]
[BlackElo "2529"]
[WhiteEngine "BrainFish_171226_x64_modern"]
[BlackEngine "SF@130118_CTG"]
[EventType "Swiss"]
[WhiteTeam ""]
[BlackTeam ""]
[PlyCount "159"]
[TimeControl "420+2"]

1. c4 e5 2. Nc3 Nf6 3. Nf3 Nc6 4. g3 Bb4 5. Bg2 d6 6. Nd5 Bc5 7. O-O O-O 
8. e3 a6 9. d4 Ba7 10. Qd3 exd4 11. Nxd4 Ne5 12. Qc3 Re8 13. b3 a5 14. Bb2 c6 
15. Nf4 a4 16. Rac1 Bd7 17. h3 Bb6 18. Rfd1 axb3 19. axb3 Ra2 20. g4 h6 
21. Ra1 Rxa1 22. Bxa1 Nfxg4 23. hxg4 Bxg4 24. f3 Bd7 25. Bb2 Qg5 26. Kf1 h5 
27. Ba3 d5 28. cxd5 h4 29. Bc5 Bxc5 30. Qxc5 Qf6 31. Kg1 h3 32. Bxh3 Bxh3 
33. Nxh3 Nd3 34. Qc2 Rxe3 35. Nf2 Nb4 36. Qf5 Nxd5 37. Qxf6 Nxf6 38. Nd3 Re7 
39. Nc5 b6 40. Nd3 c5 41. Nc6 Rd7 42. Kf2 Nh5 43. Nb2 Rxd1 44. Nxd1 Kf8 
45. Nc3 Ke8 46. Nd5 b5 47. Ne5 f6 48. Ng6 Kd7 49. Nc3 Kc6 50. Ne2 Kb6 
51. Nef4 Nxf4 52. Nxf4 Ka6 53. Nh5 b4 54. Ke2 Kb5 55. Nxg7 c4 56. bxc4+ Kxc4 
57. Kd2 Kd5 58. f4 Kd4 59. Kc2 f5 60. Kb3 Ke4 61. Ne6 Kd5 62. Ng5 Kc5 
63. Nh3 Kb5 64. Ng1 Ka5 65. Nf3 Kb5 66. Nd4+ Kb6 67. Nxf5 Ka7 68. Ng7 Kb7 
69. Kxb4 Kc7 70. f5 Kc6 71. Kc4 Kd7 72. f6 Kd6 73. Kd4 Kc7 74. Kd5 Kb6 
75. f7 Kb7 76. f8=Q Kc7 77. Ne8+ Kc8 78. Kc6 Kb8 79. Qg7 Kc8 80. Qc7# 1-0

[Event "Sunday 14 January 2nd Tour 7+2 Rounds 9 Starts 2200 ST"]
[Site "Infinity Chess"]
[Date "2018.1.15"]
[Round "7"]
[White "SkyPilot"]
[Black "Thor"]
[Result "1/2-1/2"]
[ECO "D02"]
[WhiteElo "2539"]
[BlackElo "2583"]
[WhiteEngine "stockfish_x64_bmi2_2018_01_01_CTG"]
[BlackEngine "asmFishW_bmi2"]
[EventType "Swiss"]
[WhiteTeam ""]
[BlackTeam ""]
[PlyCount "90"]
[TimeControl "420+2"]

1. d4 d5 2. Nf3 Nf6 3. c4 e6 4. Nc3 c6 5. Bg5 dxc4 6. e4 b5 7. e5 h6 8. Bh4 g5 
9. Nxg5 hxg5 10. Bxg5 Nbd7 11. exf6 Bb7 12. h4 Qa5 13. Be2 O-O-O 14. O-O Ne5 
15. Qc2 Rxd4 16. Rfd1 Rdxh4 17. Bxh4 Rxh4 18. Qc1 Qc7 19. Qe3 Rh8 20. a4 Nd7 
21. g3 b4 22. Ne4 c5 23. Bf3 Bd5 24. Qe2 a5 25. Rac1 Ne5 26. Bg2 Qc6 27. Rb1 Nd7 
28. Rxd5 exd5 29. Ng5 Nxf6 30. Rd1 c3 31. bxc3 bxc3 32. Qe5 c4 33. Nxf7 Rh5 
34. Qxc3 Bc5 35. Qxa5 Bb6 36. Qb4 Qc5 37. Nd6+ Kb8 38. Qxc5 Bxc5 39. Nb5 Ng4 
40. Bf3 Nxf2 41. Rxd5 Ng4+ 42. Rxc5 Rxc5 43. Bxg4 c3 44. Bf5 c2 45. Bxc2 Rxc2 
1/2-1/2

[Event "Sunday 14 January 2nd Tour 7+2 Rounds 9 Starts 2200 ST"]
[Site "Infinity Chess"]
[Date "2018.1.15"]
[Round "7"]
[White "xeonrocks"]
[Black "THE_MACHINE"]
[Result "1/2-1/2"]
[ECO "C50"]
[WhiteElo "2587"]
[BlackElo "2562"]
[WhiteEngine "asmFishW_bmi2_CTG"]
[BlackEngine "Houdini 6"]
[EventType "Swiss"]
[WhiteTeam ""]
[BlackTeam ""]
[PlyCount "135"]
[TimeControl "420+2"]

1. e4 e5 2. Nf3 Nc6 3. Bc4 Bc5 4. O-O Nf6 5. d3 d6 6. c3 O-O 7. Nbd2 h6 
8. b4 Bb6 9. a4 a5 10. b5 Ne7 11. h3 Ng6 12. Re1 Re8 13. d4 exd4 14. cxd4 d5 
15. exd5 Rxe1+ 16. Qxe1 Nxd5 17. Nb3 Be6 18. Bd2 Qf6 19. Qe4 c6 20. bxc6 bxc6 
21. Re1 Bf5 22. Qe2 Be6 23. Qe4 Bf5 24. Qe2 Be6 25. Ne5 Nxe5 26. Qxe5 Qg6 
27. Qd6 Rd8 28. Qg3 Qxg3 29. fxg3 Nc7 30. Rc1 Bxd4+ 31. Nxd4 Rxd4 32. Bxa5 Bxc4 
33. Bxc7 Ba6 34. a5 Bb5 35. Ra1 Ba6 36. Bb6 Rd2 37. Ra4 f6 38. g4 Kf7 
39. Rd4 Ra2 40. Rd7+ Kg8 41. g3 Bc4 42. Rb7 Kh7 43. Ra7 Be2 44. Bc5 Kg8 
45. h4 Bd3 46. Bd4 Ra4 47. Bc5 Ra2 48. Be3 Bc4 49. Ra8+ Kf7 50. Ra7+ Kg8 
51. g5 hxg5 52. hxg5 fxg5 53. Bxg5 Kh7 54. Be7 Kg6 55. g4 Bd5 56. Bc5 Rg2+ 
57. Kf1 Rxg4 58. Ke2 Kf5 59. Ra8 Ra4 60. Ke3 Rc4 61. a6 Rxc5 62. Rf8+ Kg6 
63. a7 Ra5 64. a8=Q Rxa8 65. Rxa8 Kf6 66. Rf8+ Kg5 67. Rf1 Kg6 68. Ra1 1/2-1/2

[Event "Sunday 14 January 2nd Tour 7+2 Rounds 9 Starts 2200 ST"]
[Site "Infinity Chess"]
[Date "2018.1.14"]
[Round "6"]
[White "miguello"]
[Black "Dovahkiin"]
[Result "1/2-1/2"]
[ECO "D26"]
[WhiteElo "2400"]
[BlackElo "2420"]
[WhiteEngine "stockfish_18011309_x64_modern_CTG"]
[BlackEngine "BrainFish_180113_x64_modern_CTG"]
[EventType "Swiss"]
[WhiteTeam ""]
[BlackTeam ""]
[PlyCount "125"]
[TimeControl "420+2"]

1. d4 d5 2. c4 dxc4 3. Nf3 Nf6 4. e3 e6 5. Bxc4 c5 6. O-O a6 7. a4 Nc6 
8. Qe2 cxd4 9. Rd1 Be7 10. exd4 O-O 11. Nc3 Nb4 12. Ne5 b6 13. Qf3 Rb8 
14. Qh3 Bb7 15. Bg5 Qe8 16. Rac1 Rd8 17. Be3 Nfd5 18. Bd2 Nf6 19. Be3 Nbd5 
20. Nxd5 Nxd5 21. Bd3 f5 22. b3 Rc8 23. Bd2 Rxc1 24. Rxc1 Bf6 25. Qg3 Qe7 
26. Nf3 Rd8 27. Bc4 Qd6 28. Ne5 Rc8 29. Re1 Qe7 30. Nf3 Qd7 31. Ne5 Qe7 
32. Rc1 Qa3 33. Rf1 Qe7 34. Re1 Nc7 35. Nf3 Qd7 36. Rc1 g6 37. Bg5 Bg7 38. h3 b5 
39. axb5 Bxf3 40. Qxf3 axb5 41. Bf1 Nd5 42. Rxc8+ Qxc8 43. Bxb5 Bxd4 44. Bc4 Qd7 
45. Bxd5 exd5 46. b4 Qd6 47. Qa3 Kg7 48. Bd2 Qb6 49. Be3 Bxe3 50. fxe3 Kf6 
51. Qb2+ Ke6 52. Kf2 g5 53. Qg7 Qxb4 54. Qxg5 d4 55. Qg8+ Ke5 56. Qe8+ Kd5 
57. exd4 Qxd4+ 58. Qe3 Qe4 59. g3 Qxe3+ 60. Kxe3 Ke6 61. g4 fxg4 62. hxg4 h5 
63. gxh5 1/2-1/2

[Event "Sunday 14 January 2nd Tour 7+2 Rounds 9 Starts 2200 ST"]
[Site "Infinity Chess"]
[Date "2018.1.14"]
[Round "6"]
[White "MedusaV2"]
[Black "MiKachomiKa QueeN"]
[Result "1/2-1/2"]
[ECO "A00"]
[WhiteElo "2423"]
[BlackElo "2466"]
[WhiteEngine "corchess_1.8.1_x64"]
[BlackEngine "Raubfisch X37b1_CTG"]
[EventType "Swiss"]
[WhiteTeam ""]
[BlackTeam ""]
[PlyCount "73"]
[TimeControl "420+2"]

1. a3 e5 2. e3 d5 3. d4 Nc6 4. Nf3 e4 5. Nfd2 f5 6. c4 Nce7 7. b4 a6 8. Be2 Nf6 
9. O-O c6 10. Nc3 dxc4 11. Nxc4 Be6 12. Qc2 Qc7 13. Ne5 Ned5 14. Na4 Bd6 
15. Nc5 Qe7 16. f4 Rg8 17. Nxa6 Rxa6 18. Bxa6 bxa6 19. Qxc6+ Kf8 20. Qa8+ Ne8 
21. Qxa6 g5 22. fxg5 Qxg5 23. Ra2 Ndc7 24. Qe2 Bxa2 25. Qxa2 Kg7 26. Qf7+ Kh6 
27. Qa2 Kg7 28. Qf7+ Kh6 29. g3 Nf6 30. Qc4 Bxe5 31. dxe5 Ng4 32. Qxc7 Nxh2 
33. Qd6+ Kh5 34. Qd1+ Kh6 35. Qd6+ Kh5 36. Qd1+ Kh6 37. Qd6+ 1/2-1/2

[Event "Sunday 14 January 2nd Tour 7+2 Rounds 9 Starts 2200 ST"]
[Site "Infinity Chess"]
[Date "2018.1.14"]
[Round "6"]
[White "MarioDeMonti"]
[Black "CoffeeOne"]
[Result "1/2-1/2"]
[ECO "C53"]
[WhiteElo "2469"]
[BlackElo "2544"]
[WhiteEngine "stockfish_x64_bmi2_2018_01_01_CTG"]
[BlackEngine "Houdini 6"]
[EventType "Swiss"]
[WhiteTeam ""]
[BlackTeam ""]
[PlyCount "76"]
[TimeControl "420+2"]

1. e4 e5 2. Nf3 Nc6 3. Bc4 Bc5 4. c3 Nf6 5. d3 d6 6. O-O O-O 7. Bg5 a6 8. b4 Ba7 
9. a3 h6 10. Bh4 g5 11. Bg3 Nh7 12. Kh1 Kh8 13. a4 f5 14. exf5 Bxf5 15. Nbd2 Nf6 
16. d4 exd4 17. b5 Na5 18. Nxd4 Bxd4 19. cxd4 Nxc4 20. Nxc4 axb5 21. axb5 Rxa1 
22. Qxa1 b6 23. Ne3 Bg6 24. Qb2 Rf7 25. f3 Kh7 26. Rc1 Qe7 27. Bf2 g4 
28. fxg4 Ne4 29. Bg1 Qh4 30. h3 h5 31. d5 Qg3 32. gxh5 Qf4 33. hxg6+ Kxg6 
34. Ng4 Ng3+ 35. Kh2 Nf1+ 36. Kh1 Ng3+ 37. Kh2 Nf1+ 38. Kh1 Ng3+ 1/2-1/2

[Event "Sunday 14 January 2nd Tour 7+2 Rounds 9 Starts 2200 ST"]
[Site "Infinity Chess"]
[Date "2018.1.14"]
[Round "6"]
[White "Coco69"]
[Black "incredible"]
[Result "1/2-1/2 "]
[ECO "B28"]
[WhiteElo "2482"]
[BlackElo "2501"]
[WhiteEngine "asmfishw_2018-01-12_base_CTG"]
[BlackEngine "Stockfish_x64_bmi2"]
[EventType "Swiss"]
[WhiteTeam ""]
[BlackTeam ""]
[PlyCount "245"]
[TimeControl "420+2"]

1. e4 c5 2. Nf3 a6 3. Nc3 d6 4. d4 cxd4 5. Nxd4 Nf6 6. Be3 Nbd7 7. Be2 e6 
8. a4 b6 9. f3 Bb7 10. Qd2 h6 11. O-O-O Nc5 12. Kb1 Qd7 13. Nb3 Be7 14. h4 Nxa4 
15. Nxa4 Qxa4 16. Bxb6 O-O 17. Na5 d5 18. Qd4 Bc6 19. Qe3 Bd8 20. Rd4 Bxb6 
21. Rxa4 Bxe3 22. Nxc6 Bc5 23. exd5 Nxd5 24. Ra5 Bd6 25. Bxa6 Ne7 26. Nxe7+ Bxe7 
27. Ra2 Rfd8 28. Bd3 Rxa2 29. Kxa2 h5 30. Kb1 g6 31. Kc1 Kg7 32. Kd2 Rb8 
33. b3 f5 34. f4 Bb4+ 35. Ke3 Ra8 36. Bb5 Kf6 37. Kf3 Ra2 38. Bd3 Ra8 
39. Bc4 Bc3 40. Rd1 Ra2 41. Ke2 Bb4 42. Bd3 e5 43. fxe5+ Kxe5 44. Kf3 Kf6 
45. Rf1 Ke5 46. Rd1 Bc3 47. Ke3 Bb4 48. Rf1 Bc5+ 49. Kf3 Bb4 50. g3 Kf6 
51. Rd1 Ke5 52. Rg1 Kf6 53. Rd1 Ke5 54. Rb1 Ke6 55. Ke2 Bd6 56. Kf3 Bb4 
57. Kf2 Ra5 58. Ke2 Ra2 59. Kf3 Kf6 60. Ke2 Bd6 61. Kf3 Bb4 62. Kf2 Bc5+ 
63. Kg2 Bd6 64. Re1 Ra5 65. Kf3 Rd5 66. Be2 Be5 67. Rd1 Rxd1 68. Bxd1 Ke6 
69. Be2 Kd5 70. Bc4+ Kd4 71. Bf7 Kc3 72. Bxg6 Kxc2 73. Bxh5 Kxb3 74. Bg6 Kc4 
75. Bxf5 Kc5 76. g4 Ba1 77. Kf4 Kd6 78. Kg5 Bc3 79. Kg6 Be1 80. h5 Ke7 
81. Bb1 Kf8 82. Ba2 Bd2 83. h6 Bc1 84. Kh7 Bd2 85. Bb3 Bc1 86. Bg8 Bd2 
87. Bd5 Bc1 88. Ba2 Bd2 89. Bb3 Bc1 90. Bd5 Bd2 91. Ba2 Bc1 92. Kg6 Bb2 
93. g5 Bc1 94. Bb3 Bd2 95. Kf5 Bc1 96. Bc4 Bb2 97. Kg6 Bc1 98. Kh5 Ba3 
99. Kg4 Bc1 100. Kh5 Bb2 101. Kg4 Ba1 102. Kf5 Bb2 103. Kg6 Bc1 104. Ba2 Bd2 
105. Kf6 Bc1 106. Bd5 Bb2+ 107. Kf5 Bc1 108. Kf6 Bb2+ 109. Kf5 Bc1 110. Bb3 Bb2 
111. g6 Bd4 112. Bd5 Bc3 113. Bh1 Bd4 114. Ba8 Ba1 115. Bc6 Bb2 116. Bg2 Bc3 
117. Bb7 Ba1 118. Kg5 Bb2 119. Bd5 Bc1+ 120. Kh5 Bb2 121. Kg5 Bc1+ 122. Kh5 Bb2 
123. Bh1 1/2-1/2

[Event "Sunday 14 January 2nd Tour 7+2 Rounds 9 Starts 2200 ST"]
[Site "Infinity Chess"]
[Date "2018.1.14"]
[Round "6"]
[White "RonWeasley"]
[Black "ocirema"]
[Result "1/2-1/2"]
[ECO "B95"]
[WhiteElo "2528"]
[BlackElo "2472"]
[WhiteEngine "BrainFish 130117_CTG"]
[BlackEngine "asmFishW_2018-01-12_popcnt_CTG"]
[EventType "Swiss"]
[WhiteTeam ""]
[BlackTeam ""]
[PlyCount "47"]
[TimeControl "420+2"]

1. e4 c5 2. Nf3 d6 3. d4 cxd4 4. Nxd4 Nf6 5. Nc3 a6 6. Bg5 e6 7. Qf3 Nbd7 
8. O-O-O Qc7 9. Bd3 b5 10. Rhe1 Be7 11. Qg3 h6 12. Bd2 b4 13. Nce2 Rb8 
14. Nf4 Nc5 15. Qxg7 Rg8 16. Qxh6 e5 17. Kb1 Nxd3 18. Nxd3 exd4 19. Bf4 b3 
20. axb3 Ng4 21. Qh7 Nf6 22. Qh6 Rg6 23. Qh8+ Rg8 24. Qh6 1/2-1/2

[Event "Sunday 14 January 2nd Tour 7+2 Rounds 9 Starts 2200 ST"]
[Site "Infinity Chess"]
[Date "2018.1.14"]
[Round "6"]
[White "xeonrocks"]
[Black "CrossingJordan"]
[Result "1-0"]
[ECO "C50"]
[WhiteElo "2574"]
[BlackElo "2510"]
[WhiteEngine "asmFishW_bmi2_CTG"]
[BlackEngine "asmFishW_2017-12-20_bmi2_CTG"]
[EventType "Swiss"]
[WhiteTeam ""]
[BlackTeam ""]
[PlyCount "169"]
[TimeControl "420+2"]

1. e4 e5 2. Nf3 Nc6 3. Bc4 Bc5 4. O-O Nf6 5. d3 d6 6. c3 a5 7. h3 Ba7 
8. Nbd2 O-O 9. Re1 Be6 10. b3 Qd7 11. a4 Rfe8 12. Ra2 Ne7 13. Bxe6 Qxe6 
14. d4 Ng6 15. d5 Qd7 16. Nc4 h6 17. Nh2 Bc5 18. Ba3 Bxa3 19. Nxa3 Nf4 
20. Nb5 Kh7 21. c4 Rg8 22. Qf3 Qd8 23. Qd1 b6 24. Kh1 Qc8 25. Ng4 Qd7 26. Re3 h5 
27. Nh2 g6 28. Qe1 g5 29. Nf1 h4 30. f3 N6h5 31. Kg1 Raf8 32. Nc3 Ng7 
33. Ne2 Ngh5 34. Nc3 Kg7 35. Nb5 Kh8 36. b4 Ra8 37. bxa5 Rxa5 38. Rea3 Rga8 
39. Qd2 Kg8 40. Kh2 f6 41. Kg1 Kf8 42. Ne3 Ng3 43. Qc2 Nfe2+ 44. Kh2 Qf7 
45. Qd1 Nf4 46. Qc1 Qd7 47. Qb1 Rc8 48. Rb3 Kg8 49. c5 bxc5 50. Nc3 Rd8 
51. Rab2 Raa8 52. Rb8 Qe8 53. Rxd8 Qxd8 54. Rb7 Qc8 55. Qb5 Qe8 56. Qc6 Qxc6 
57. dxc6 Ne6 58. Ned5 Rf8 59. Nxc7 Nd4 60. Rb6 Nf1+ 61. Kg1 Ne3 62. N7d5 Nxd5 
63. Nxd5 Ne6 64. a5 c4 65. c7 c3 66. Rc6 Nxc7 67. Nxc7 f5 68. a6 Kf7 69. a7 Kf6 
70. a8=R Rxa8 71. Nxa8 Ke7 72. Rxc3 Kf7 73. Nb6 Kg7 74. Nd5 fxe4 75. Rc7+ Kh6 
76. fxe4 Kg6 77. Kf2 g4 78. hxg4 h3 79. gxh3 Kh6 80. Kg1 Kg6 81. h4 Kh6 
82. Nf6 d5 83. Nh7 d4 84. Nf8 d3 85. Rh7# 1-0

[Event "Sunday 14 January 2nd Tour 7+2 Rounds 9 Starts 2200 ST"]
[Site "Infinity Chess"]
[Date "2018.1.14"]
[Round "6"]
[White "Vimtiroba"]
[Black "beka"]
[Result "1/2-1/2"]
[ECO "E00"]
[WhiteElo "2542"]
[BlackElo "2386"]
[WhiteEngine "CFish@13_CTG"]
[BlackEngine "stockfish_18011309_x64_CTG"]
[EventType "Swiss"]
[WhiteTeam ""]
[BlackTeam ""]
[PlyCount "61"]
[TimeControl "420+2"]

1. d4 Nf6 2. c4 e6 3. g3 Bb4+ 4. Bd2 Be7 5. Bg2 d5 6. Nf3 O-O 7. O-O c6 
8. Qc2 Nbd7 9. Bf4 b6 10. Rd1 Ba6 11. cxd5 cxd5 12. Ne5 Nxe5 13. dxe5 Ng4 
14. h3 Rc8 15. Qa4 Bxe2 16. hxg4 Rc4 17. Qb3 Rb4 18. Qc2 Bxd1 19. Qxd1 Rxb2 
20. Bc1 Rb4 21. Nd2 Qc7 22. Ba3 Rb5 23. Bf1 Ra5 24. Bb2 Ba3 25. Bd4 Rc8 
26. Nb3 Ra4 27. Qf3 Bc5 28. Bb2 Ba3 29. Bd4 Bc5 30. Bb2 Ba3 31. Bd4 1/2-1/2

[Event "Sunday 14 January 2nd Tour 7+2 Rounds 9 Starts 2200 ST"]
[Site "Infinity Chess"]
[Date "2018.1.14"]
[Round "6"]
[White "Thor"]
[Black "Seliga"]
[Result "1/2-1/2"]
[ECO "C50"]
[WhiteElo "2585"]
[BlackElo "2527"]
[WhiteEngine "asmFishW_bmi2"]
[BlackEngine "SF@130118_CTG"]
[EventType "Swiss"]
[WhiteTeam ""]
[BlackTeam ""]
[PlyCount "87"]
[TimeControl "420+2"]

1. e4 e5 2. Nf3 Nc6 3. Bc4 Bc5 4. O-O Nf6 5. d3 d6 6. c3 a5 7. Re1 O-O 
8. Nbd2 Ba7 9. Nf1 Be6 10. Bb5 Ne7 11. d4 exd4 12. Nxd4 Ng6 13. Ba4 h6 
14. Nxe6 fxe6 15. Be3 Bxe3 16. Nxe3 Kh8 17. Rf1 Nxe4 18. Bc2 d5 19. Bxe4 dxe4 
20. Qa4 Nf4 21. Qxe4 Qd3 22. Qxd3 Nxd3 23. f3 Nxb2 24. Rfb1 Na4 25. Rxb7 Nxc3 
26. Rxc7 Rac8 27. Ra7 Rc5 28. Re7 Rc6 29. h3 Rd8 30. Kh2 Rd2 31. Rc1 Kg8 
32. a3 Ra2 33. Nd1 Nd5 34. Rxc6 Nxe7 35. Rxe6 Nd5 36. Re5 Nf4 37. Kg3 g5 
38. Ne3 Rxa3 39. Nd5 Nxd5 40. Rxd5 Ra2 41. Kg4 Rxg2+ 42. Kf5 a4 43. Ra5 Rg3 
44. f4 1/2-1/2

[Event "Sunday 14 January 2nd Tour 7+2 Rounds 9 Starts 2200 ST"]
[Site "Infinity Chess"]
[Date "2018.1.14"]
[Round "6"]
[White "Thinker"]
[Black "SkyPilot"]
[Result "1/2-1/2"]
[ECO "B90"]
[WhiteElo "2503"]
[BlackElo "2541"]
[WhiteEngine "BrainFish_180106_x64_modern_CTG"]
[BlackEngine "stockfish_x64_bmi2_2018_01_01_CTG"]
[EventType "Swiss"]
[WhiteTeam ""]
[BlackTeam ""]
[PlyCount "140"]
[TimeControl "420+2"]

1. e4 c5 2. Nf3 d6 3. d4 cxd4 4. Nxd4 Nf6 5. Nc3 a6 6. Be3 e5 7. Nb3 Be6 
8. h3 Be7 9. f4 Nc6 10. f5 Bxb3 11. axb3 Nb4 12. g3 O-O 13. Bg2 Qc7 14. O-O Rfd8 
15. Kh1 d5 16. exd5 Rd7 17. Qd2 Re8 18. Rae1 Qd8 19. Bg1 Bf8 20. Rd1 e4 
21. Rfe1 Nbxd5 22. Nxe4 Nxe4 23. Rxe4 Rxe4 24. Bxe4 Nf6 25. Bd3 Qc7 26. Qg2 h6 
27. Qf3 Bc5 28. Re1 Bxg1 29. Kxg1 Qa5 30. Qe2 Rd8 31. Qe5 b5 32. Kf1 Qb6 
33. Qf4 Qc5 34. Kg2 h5 35. Qf2 Qc6+ 36. Qf3 Qd6 37. Qf4 Qc6+ 38. Kh2 Qc5 
39. Kg2 Qd5+ 40. Kh2 Qc5 41. Re2 Qb6 42. Kg2 Qc6+ 43. Kh2 Qb6 44. Qf2 Qd6 
45. Kg1 Nd5 46. Be4 Re8 47. Kf1 Nf6 48. Bd3 Rd8 49. Kg2 Qc6+ 50. Qf3 Qd6 
51. Qf2 Qc6+ 52. Kh2 Qd6 53. Kg1 Nd5 54. Re1 Nf6 55. Re3 Nd5 56. Re4 Nf6 
57. Re1 Qc7 58. Re2 Qd6 59. Re1 Qc7 60. Ra1 Qd6 61. Qe3 Re8 62. Qf2 Rd8 
63. Rf1 Qe5 64. Ra1 Nd5 65. Bf1 Nb4 66. c3 Nd3 67. Qf3 Ne1 68. Qf2 Nd3 
69. Qf3 Ne1 70. Qf2 Nd3 1/2-1/2

[Event "Sunday 14 January 2nd Tour 7+2 Rounds 9 Starts 2200 ST"]
[Site "Infinity Chess"]
[Date "2018.1.14"]
[Round "6"]
[White "THE_MACHINE"]
[Black "Murx"]
[Result "1/2-1/2"]
[ECO "C55"]
[WhiteElo "2564"]
[BlackElo "2515"]
[WhiteEngine "Houdini 6"]
[BlackEngine "BrainFish_171226_x64_modern"]
[EventType "Swiss"]
[WhiteTeam ""]
[BlackTeam ""]
[PlyCount "262"]
[TimeControl "420+2"]

1. e4 e5 2. Nf3 Nc6 3. Bc4 Nf6 4. d3 Bc5 5. O-O d6 6. c3 O-O 7. h3 a5 8. Nbd2 h6 
9. Re1 Be6 10. a4 Ba7 11. b3 Re8 12. Ra2 d5 13. Bb5 Nd7 14. Ba3 d4 15. Bxc6 bxc6 
16. cxd4 exd4 17. Rf1 Qf6 18. Ne1 Qh4 19. f4 f5 20. e5 Nb6 21. Nc4 Nd5 
22. Qc1 Nc3 23. Rb2 Qg3 24. Rf3 Qg6 25. Kh2 Bb6 26. Rbf2 c5 27. Qc2 Qh5 
28. Bc1 Nd5 29. Rf1 Kh7 30. Kg1 Rg8 31. h4 Qe8 32. Rh3 Bf7 33. Nf3 Bh5 
34. Rg3 Qf7 35. Bd2 Rge8 36. Re1 Re6 37. Rc1 Qe7 38. Qd1 Qe8 39. Qf1 Kg8 
40. Kh2 Rb8 41. Rb1 Ra8 42. Qe1 Qd8 43. Rc1 Re8 44. Kh1 c6 45. Nd6 Rf8 
46. Qd1 Nc7 47. Qc2 Rb8 48. Nc4 Ne6 49. Rh3 Bc7 50. Rf1 Bg4 51. Rh2 Qd5 
52. h5 Qd7 53. Kg1 Ra8 54. Re1 Kh7 55. Kf2 Rab8 56. Rb1 Qf7 57. g3 Ra8 
58. Qd1 Qd7 59. Rh4 Qe8 60. Qh1 Kg8 61. Bc1 Rb8 62. Ba3 Bd8 63. Rh2 Qd7 
64. Nfd2 Qd5 65. Rc1 Rf7 66. Nd6 Rc7 67. Rb1 Ra7 68. N2c4 Rd7 69. Bc1 Ra7 
70. Qxd5 cxd5 71. Na3 Re7 72. Nab5 Bb6 73. Ke1 Ra8 74. Kd2 Kh7 75. Ba3 Rf8 
76. Kc2 g6 77. hxg6+ Kxg6 78. Re1 Rh7 79. Bb2 Ra8 80. Rf1 Rf8 81. Rh4 h5 
82. Bc1 Be2 83. Re1 Bf3 84. Rg1 Re7 85. Bd2 Rh7 86. Rh2 Bg4 87. Rf1 Rd8 
88. Kb2 Ra8 89. Be1 Re7 90. Rfh1 Rh7 91. Bd2 Rf8 92. Rc1 Rd7 93. Kc2 Re7 
94. Ra1 Rh7 95. Kb2 Re7 96. Rh4 Rb8 97. Rah1 Rd7 98. Re1 Bf3 99. Ka1 Rf8 
100. Rh2 Bg4 101. Ka2 Ra8 102. Rf2 Rad8 103. Bc1 Rh7 104. Kb2 Rf8 105. Rh2 Re7 
106. Ka1 Kg7 107. Reh1 Kg6 108. Rh4 Bf3 109. R1h2 Rg7 110. Rf2 Bg4 111. Rhh2 Rb8 
112. Rfg2 Ra8 113. Ka2 Rag8 114. Kb2 Rh8 115. Bd2 Rf8 116. Rg1 Rd7 117. Rh4 Rh7 
118. Rh2 Re7 119. Na3 Rd8 120. Nc2 Rb8 121. Rc1 Rd7 122. Ne1 Bd8 123. Ka2 Be7 
124. Nb5 Ra8 125. Rf2 Rdd8 126. Nf3 Rh8 127. Rh1 Rhc8 128. Nh2 Bh3 129. Nd6 Rd8 
130. Nf3 Bg4 131. Nb5 Kf7 1/2-1/2

[Event "Sunday 14 January 2nd Tour 7+2 Rounds 9 Starts 2200 ST"]
[Site "Infinity Chess"]
[Date "2018.1.14"]
[Round "5"]
[White "Dovahkiin"]
[Black "MedusaV2"]
[Result "1/2-1/2"]
[ECO "A40"]
[WhiteElo "2420"]
[BlackElo "2423"]
[WhiteEngine "BrainFish_180113_x64_modern_CTG"]
[BlackEngine "corchess_1.8.1_x64"]
[EventType "Swiss"]
[WhiteTeam ""]
[BlackTeam ""]
[PlyCount "92"]
[TimeControl "420+2"]

1. d4 e6 2. Bf4 d5 3. e3 Nf6 4. Nd2 c5 5. c3 Bd6 6. Bg3 O-O 7. Ngf3 b6 
8. Bd3 Bb7 9. Ne5 Nc6 10. Qe2 Qc7 11. Nxc6 Bxc6 12. Bxd6 Qxd6 13. Nf3 Nd7 
14. O-O c4 15. Bc2 b5 16. a4 bxa4 17. Bxa4 Bxa4 18. Rxa4 Nf6 19. Ne5 Rfb8 
20. Rfa1 Qc7 21. Ra6 Rb6 22. Rxb6 Qxb6 23. f3 Qb7 24. e4 h5 25. Ra5 Rb8 
26. h4 Qxb2 27. Qxb2 Rxb2 28. Rxa7 dxe4 29. Nxf7 e3 30. Kf1 Nd5 31. Ng5 Rf2+ 
32. Ke1 g6 33. Ra8+ Kg7 34. Nxe6+ Kf6 35. Nf4 Nxc3 36. Re8 Rd2 37. Rxe3 Rxd4 
38. Nxh5+ gxh5 39. Rxc3 Rxh4 40. g3 Rd4 41. Ke2 h4 42. Ke3 Rd7 43. Rxc4 hxg3 
44. Rf4+ Ke6 45. Rg4 g2 46. Rxg2 Kf7 1/2-1/2

[Event "Sunday 14 January 2nd Tour 7+2 Rounds 9 Starts 2200 ST"]
[Site "Infinity Chess"]
[Date "2018.1.14"]
[Round "5"]
[White "MiKachomiKa QueeN"]
[Black "CoffeeOne"]
[Result "1/2-1/2"]
[ECO "C50"]
[WhiteElo "2463"]
[BlackElo "2547"]
[WhiteEngine "Raubfisch X37b1_CTG"]
[BlackEngine "Houdini 6"]
[EventType "Swiss"]
[WhiteTeam ""]
[BlackTeam ""]
[PlyCount "115"]
[TimeControl "420+2"]

1. e4 e5 2. Nf3 Nc6 3. Bc4 Bc5 4. d3 Nf6 5. c3 d6 6. O-O a5 7. Bg5 Ba7 8. Bh4 h6 
9. Re1 Rb8 10. Na3 g5 11. Bg3 Bg4 12. Nb5 Bb6 13. h3 Bh5 14. Na3 Ba7 15. Nb5 Bb6 
16. Na3 O-O 17. Nc2 Ne7 18. a4 Kg7 19. Ne3 Qd7 20. b4 Ra8 21. b5 Rae8 
22. Qe2 Ng6 23. Bb3 Nf4 24. Bxf4 exf4 25. Nc4 Qd8 26. Qd2 Bxf3 27. gxf3 Nd7 
28. d4 Rh8 29. Qd3 Qf6 30. Kg2 Qg6 31. Qd2 Qf6 32. Rad1 Re7 33. Rh1 Rg8 
34. Rdg1 Kf8 35. Qd3 Qg6 36. Nb2 Nf6 37. Bc2 Qh5 38. Nc4 Nd7 39. Qd2 Rg7 
40. Re1 f6 41. Bb3 Ke8 42. Rd1 Kd8 43. Qd3 Qe8 44. Nxb6 cxb6 45. Qc4 f5 
46. Qd5 fxe4 47. Qxb7 exf3+ 48. Qxf3 Nf6 49. Qa8+ Kc7 50. Qa7+ Kc8 51. Qxb6 Re2 
52. Kf1 Rxf2+ 53. Kxf2 Qe3+ 54. Kf1 Qf3+ 55. Kg1 Qe3+ 56. Kf1 Qf3+ 57. Kg1 Qe3+ 
58. Kf1 1/2-1/2

[Event "Sunday 14 January 2nd Tour 7+2 Rounds 9 Starts 2200 ST"]
[Site "Infinity Chess"]
[Date "2018.1.14"]
[Round "5"]
[White "miguello"]
[Black "MarioDeMonti"]
[Result "1/2-1/2"]
[ECO "D02"]
[WhiteElo "2397"]
[BlackElo "2472"]
[WhiteEngine "stockfish_18011309_x64_modern_CTG"]
[BlackEngine "stockfish_x64_bmi2_2018_01_01_CTG"]
[EventType "Swiss"]
[WhiteTeam ""]
[BlackTeam ""]
[PlyCount "49"]
[TimeControl "420+2"]

1. d4 d5 2. Nf3 Nf6 3. c4 e6 4. Nc3 Be7 5. Bg5 h6 6. Bh4 O-O 7. e3 b6 
8. cxd5 Nxd5 9. Bxe7 Qxe7 10. Nxd5 exd5 11. Rc1 Be6 12. Qa4 c5 13. Qa3 Rc8 
14. Be2 Kf8 15. dxc5 bxc5 16. O-O Nd7 17. Ba6 Rcb8 18. b3 Bg4 19. Be2 a5 
20. Rfd1 Be6 21. Qa4 Rb4 22. Qc6 Rbb8 23. Qa4 Rb4 24. Qc6 Rbb8 25. Qa4 1/2-1/2